 Dungeon Crawl Stone Soup version 0.29-a0-575-g0dc89cf (webtiles) character file.

Game seed: 4717801975113102268

42 BingusPrime the Ogre Mage (level 3, -10/31 HPs)
             Began as an Ogre Air Elementalist on June 12, 2022.
             Mangled by an iguana (12 damage)
             ... on level 2 of the Dungeon.
             The game lasted 00:03:25 (1977 turns).

BingusPrime the Ogre Mage (Ogre Air Elementalist)   Turns: 1977, Time: 00:03:26

Health: -10/31     AC:  3    Str: 12    XL:     3   Next: 56%
Magic:  3/7        EV: 10    Int: 18    God:
Gold:   62         SH:  0    Dex:  9    Spells: 7/8 levels left

rFire   . . .      SeeInvis +   m - staff of cold
rCold   + . .      Faith    .   (no shield)
rNeg    . . .      Spirit   .   a - +0 robe
rPois   .          Reflect  .   (helmet restricted)
rElec   .          Harm     .   (no cloak)
rCorr   .          Rampage  .   (gloves unavailable)
Will    .....                   (boots unavailable)
Stlth   ++........              (no amulet)
HPRegen 0.10/turn               o - ring of see invisible
MPRegen 0.10/turn               (no ring)

@: no status effects
A: large, unfitting armour, tough skin 1
a: no special abilities


You were on level 2 of the Dungeon.
You visited 1 branch of the dungeon, and saw 2 of its levels.

You collected 62 gold pieces.

Inventory:

Armour
 a - a +0 robe (worn)
Magical Staves
 m - a staff of cold (weapon)
Jewellery
 o - a ring of see invisible (left hand)
 p - a +4 ring of evasion
Scrolls
 c - a scroll of noise
 g - a scroll of blinking {unknown}
 h - a scroll of vulnerability {unknown}
 i - a scroll of identify {unknown}
 j - a scroll of immolation {unknown}
 l - a scroll of amnesia {unknown}
Potions
 b - a potion of magic
 d - a potion of berserk rage {unknown}
 e - a potion of degeneration {unknown}
 k - a potion of brilliance {unknown}
 n - a potion of haste {unknown}
 q - a potion of cancellation {unknown}


   Skills:
 + Level 2.1 Dodging
 + Level 1.7 Stealth
 * Level 3.2 Spellcasting
 + Level 1.4 Conjurations
 + Level 3.0 Air Magic


You had 7 spell levels left.
You knew the following spells:

 Your Spells              Type           Power      Damage    Failure   Level
a - Shock                 Conj/Air       40%        1d5       6%          1

Your spell library contained the following spells:

 Spells                   Type           Power      Damage    Failure   Level
 Static Discharge         Conj/Air       10%        N/A       10%         2
 Swiftness                Air            13%        N/A       14%         3
 Airstrike                Air            6%         N/A       43%         4


Dungeon Overview and Level Annotations

Branches:
Dungeon (2/15)

Altars:


Innate Abilities, Weirdness & Mutations

You are too large for most types of armour.
You have tough skin. (AC +1)


Message History

Casting: Shock (safe; 6% risk of failure)
Confirm with . or Enter, or press ? or * to list all spells.
Aiming: Shock (safe; 6% risk of failure)
Press: ? - help, Shift-Dir - straight line, f/p - iguana
Aim: an iguana (moderately wounded, 72% to hit)
The zap hits the iguana.
The iguana is heavily wounded.
Casting: Shock (safe; 6% risk of failure)
Confirm with . or Enter, or press ? or * to list all spells.
Aiming: Shock (safe; 6% risk of failure)
Press: ? - help, Shift-Dir - straight line, f/p - iguana
Aim: an iguana (heavily wounded, 72% to hit)
The zap hits the iguana.
The iguana is severely wounded.
Casting: Shock (safe; 6% risk of failure)
Confirm with . or Enter, or press ? or * to list all spells.
Aiming: Shock (safe; 6% risk of failure)
Press: ? - help, Shift-Dir - straight line, f/p - iguana
Aim: an iguana (severely wounded, 72% to hit)
The zap hits the iguana but does no damage.
The iguana is severely wounded.
You hit the iguana.
The iguana is almost dead.
The iguana bites you.
You barely miss the iguana.
The iguana is almost dead.
The iguana barely misses you.
You barely miss the iguana.
The iguana is almost dead.
The iguana bites you!
You hit the iguana but do no damage.
The iguana is almost dead.
The iguana bites you!
* * * LOW HITPOINT WARNING * * *
You hit the iguana but do no damage.
The iguana is almost dead.
The iguana bites you.
* * * LOW HITPOINT WARNING * * *
The iguana bites you!
You die...

#......#.# #.#
#......#.#####.#####
#.......>...........
#......#.###########
#......#.## #.......
###.##..P.###.######
#....♣.P.##.# #
#.....P..##.# #
#@#P._.♣P.#.# #
#l#..♣)...#.# #
......P...^#.######
....................
.......#############
........#
..........'
...##.#...
........### ....
#.#..#.#######.##. #
#. #.#..


You could see an iguana.

Vanquished Creatures
  An adder (D:2)
  A worm (D:2)
  4 ball pythons
  4 endoplasms
  A giant cockroach (D:2)
  4 goblins
  A hobgoblin (D:1)
  4 kobolds
  A quokka (D:1)
  2 bats
  5 rats
28 creatures vanquished.

Vanquished Creatures (others)
  3 withered plants (D:2)
3 creatures vanquished.

Grand Total: 31 creatures vanquished

Notes
Turn   | Place    | Note
-------+----------+-------------------------------------------
     0 | D:1      | BingusPrime the Ogre Air Elementalist began the quest for
                  | the Orb.
     0 | D:1      | Reached XP level 1. HP: 16/16 MP: 3/3
    64 | D:1      | Reached skill level 1 in Conjurations
   334 | D:1      | Reached XP level 2. HP: 24/24 MP: 2/5
  1134 | D:2      | Found a faded altar of an unknown god.
  1326 | D:2      | Reached XP level 3. HP: 27/31 MP: 3/7
  1977 | D:2      | Mangled by an iguana

Illustrated notes

Levels and vault maps discovered:
D:1:      dpeg_arrival_three_bigger_balls, layout_basic,
          minmay_misc_feat_secret_circle
D:2:      minmay_alternating_diamond, layout_basic,
          ebering_ecumenical_altar_petrified, minmay_tetromino_t4

Skill      XL: |  1  2  3 |
---------------+----------+-----
Conjurations   | 1 |  1.4
Dodging        | 2 |  2.1
Spellcasting   | 3 |  3.2
Air Magic      | 3 |  3.0
Stealth        | |  1.7

Action                   || total
-------------------------++-------
Melee: Unarmed           ||    18
       Staff             ||    25
       Punch             ||     1
 Cast: Shock             ||    57
  Use: Scroll            ||     2
Armor: Robe              ||    11
Dodge: Dodged            ||    21

Table legend: (Time is in decaauts)
 A = Elapsed time spent in this place.
 B = Non-inter-level travel time spent in this place.
 C = Inter-level travel time spent in this place.
 D = Time resting spent in this place.
 E = Time spent auto-exploring this place.
 F = Levels seen in this place.
 G = Mean time per level.
                   A        B        C        D        E       F      G
               +--------+--------+--------+--------+--------+-----+--------+
         Total |   1980 |   1958 |     22 |      0 |   1766 |   2 |  990.0 |
       Dungeon |   1980 |   1958 |     22 |      0 |   1766 |   2 |  990.0 |
               +--------+--------+--------+--------+--------+-----+--------+

Top non-repeatable levels by time:
     D:1: 1089 daAuts
     D:2: 891 daAuts
